 Dungeon Crawl Stone Soup version 0.22-a0-196-gee22f27 (webtiles) character file.

3312 Lapis the Covert (level 10, 0/71 HPs)
             Began as an Octopode Assassin on Feb 17, 2018.
             Was an Initiate of Dithmenos.
             Slain by a sky beast (5 damage)
             ... on level 8 of the Dungeon.
             The game lasted 00:12:49 (7956 turns).

Lapis the Covert (Octopode Assassin)                Turns: 7956, Time: 00:12:49

Health: 0/71       AC:  1    Str: 10 (11) XL:     10   Next: 1%
Magic:  19/19      EV: 18    Int: 12 (13) God:    Dithmenos [......]
Gold:   289        SH:  0    Dex: 15 (17) Spells: 6/9 levels left

rFire    . . .     SeeInvis .   a - +3 dagger
rCold    + . .     Gourm    .   (no shield)
rNeg     . . .     Faith    .   (helmet restricted)
rPois    .         Spirit   .   (no amulet)
rElec    .         Reflect  .   p - ring of protection from cold
rCorr    .         Harm     .   u - ring of magical power
MR       .....                  z - ring of stealth
Stlth    ++++++++..             (no ring)
HPRegen  0.21/turn              (no ring)
MPRegen  0.16/turn              (no ring)
                                (no ring)
                                (no ring)

@: no status effects
A: almost no armour, stealthy swim, amphibious, 8 rings, constrict 8, camouflage
1, gelatinous body 1
a: Renounce Religion


You were on level 8 of the Dungeon.
You worshipped Dithmenos.
Dithmenos was noncommittal.
You were not hungry.

You visited 2 branches of the dungeon, and saw 9 of its levels.

You collected 289 gold pieces.

Inventory:

Hand Weapons
 a - a +3 dagger (weapon)
 b - a +0 blowgun
 r - a +0 falchion of electrocution
 y - a +1 antimagic short sword
Missiles
 c - 19 poisoned needles
 d - 2 curare-tipped needles
Armour
 q - a +0 shield
Jewellery
 p - a ring of protection from cold (left tentacle)
 u - a ring of magical power (right tentacle)
 z - a ring of stealth (on tentacle)
Wands
 x - a wand of flame (19)
Scrolls
 e - 2 scrolls of magic mapping
 i - 2 scrolls of fog
 j - 3 scrolls of immolation
 k - 5 scrolls of amnesia
 l - a scroll of fear
 s - 3 scrolls of teleportation
 A - a scroll of holy word {unknown}
 B - 3 scrolls of identify
Potions
 h - 5 potions of agility
 m - a potion of degeneration
 n - a potion of might {unknown}
 o - a potion of curing
 t - a potion of mutation {unknown}
 w - a potion of lignification {unknown}
Books
 g - a book of Frost

   Spells                             Type                      Level
   a - Freeze                         Ice                          1
   b - Throw Frost                    Conjuration/Ice              2
   c - Ozocubu's Armour               Charms/Ice                   3
   d - Throw Icicle                   Conjuration/Ice              4
   e - Summon Ice Beast               Ice/Summoning                4
 v - a book of Air

   Spells                             Type                      Level
   a - Shock                          Conjuration/Air              1
   b - Swiftness                      Charms/Air                   2
   c - Static Discharge               Conjuration/Air              3
   d - Airstrike                      Air                          4
   e - Lightning Bolt                 Conjuration/Air              5
Comestibles
 f - 12 rations


   Skills:
 * Level 7.2 Fighting
 * Level 8.2 Short Blades
 - Level 2.0 Throwing
 * Level 7.1 Dodging
 * Level 13.7 Stealth
 * Level 1.0 Invocations


You had 6 spell levels left.
You knew the following spells:

 Your Spells              Type           Power        Failure   Level  Hunger
a - Ozocubu's Armour      Chrm/Ice       #.......     69%         3    ####...


Dungeon Overview and Level Annotations

Branches:
Dungeon (8/15)             Temple (1/1) D:7
   Lair: D:8-11

Altars:
Cheibriados
Dithmenos
Elyvilon
Fedhas
Gozag
Hepliaklqana
Nemelex Xobeh
Okawaru
Qazlal
Trog
Uskayaw
Wu Jian
Xom
Yredelemnul
Zin
The Shining One


Innate Abilities, Weirdness & Mutations

You cannot wear most types of armour.
You are very stealthy in the water. (Stealth+)
You are amphibious.
You can wear up to eight rings at the same time.
You can use your tentacles to constrict eight enemies at once.
Your skin changes colour to match your surroundings (Stealth+).
Your rubbery body absorbs attacks. (AC +1, EV +1)


Message History

* * * LOW HITPOINT WARNING * * *
Something shocks you.
* * * LOW HITPOINT WARNING * * *
It was a potion of curing.
You feel better. Something barely misses you.
You hit something but do no damage. You squeeze something! You miss something.
Your squeeze misses something. Something hits you.
* * * LOW HITPOINT WARNING * * *
Something shocks you.
* * * LOW HITPOINT WARNING * * *
It was a potion of degeneration.
There was something very wrong with that liquid.
You feel weakened.
You feel dopey.
You feel clumsy. Something hits you.
* * * LOW HITPOINT WARNING * * *
Something shocks you.
* * * LOW HITPOINT WARNING * * *
You feel better. Something hits you.
* * * LOW HITPOINT WARNING * * *
Something shocks you.
You die...

#.# #.........#..##
###.# #.............#
#...# ########..#.#.#
#.### ##..#....
#.######### #........
#.##......##.#......#
#....).##.###........
####.#.##.###.#######
#@#.....o..#
#{####.##### #......#
########


There were no monsters in sight!

Vanquished Creatures
  The ghost of Gorglomux the Skirmisher, a novice HuSk (D:6)
  A hippogriff (D:7)
  A wyvern (D:8)
  A water moccasin (D:5)
  2 black bears (D:7)
  A sky beast (D:5)
  An orc warrior (D:8)
  2 eyes of draining (D:7)
  An ice beast (D:4)
  2 ogres
  2 centaurs (D:7)
  2 bullfrogs
  A scorpion (D:6)
  4 wights
  A howler monkey (D:4)
  4 crimson imps
  A bullfrog zombie (D:8)
  A quasit (D:7)
  A centaur skeleton (D:7)
  An orc priest (D:8)
  2 hounds
  3 orc wizards
  2 bullfrog skeletons
  3 iguanas
  7 worker ants
  A hound skeleton (D:5)
  Robin (D:3)
  4 gnolls (D:3)
  A howler monkey skeleton (D:4)
  5 adders
  A shadow imp (D:5)
  2 oozes
  2 adder zombies
  An adder skeleton (D:6)
  5 worms
  3 dart slugs (D:1)
  4 leopard geckos
  14 orcs
  4 giant cockroaches
  2 gnoll zombies (D:2)
  13 goblins
  9 hobgoblins
  11 jackals
  2 quokkas
  3 ball pythons
  6 bats
  A jackal zombie (D:6)
  14 kobolds
  A leopard gecko zombie (D:7)
  2 quokka skeletons
  10 rats
170 creatures vanquished.

Notes
Turn   | Place    | Note
-------+----------+-------------------------------------------
     0 | D:1      | Lapis the Octopode Assassin began the quest for the Orb.
     0 | D:1      | Reached XP level 1. HP: 14/14 MP: 1/1
    43 | D:1      | Reached XP level 2. HP: 7/19 MP: 2/2
   382 | D:1      | Reached skill level 6 in Stealth
   394 | D:1      | Found a sparkling altar of Nemelex Xobeh.
   543 | D:1      | Reached XP level 3. HP: 22/24 MP: 3/3
  1471 | D:2      | Reached XP level 4. HP: 22/29 MP: 4/4
  1663 | D:2      | Found a basalt altar of Yredelemnul.
  2111 | D:3      | Reached skill level 7 in Stealth
  2342 | D:3      | Reached XP level 5. HP: 34/35 MP: 5/5
  2357 | D:3      | Reached skill level 11 in Stealth
  2357 | D:3      | Reached XP level 6. HP: 38/47 MP: 6/6
  2639 | D:3      | Noticed Robin
  2644 | D:3      | Killed Robin
  3482 | D:4      | Noticed an ice beast
  3498 | D:4      | Killed an ice beast
  3498 | D:4      | Reached XP level 7. HP: 53/53 MP: 7/7
  4053 | D:5      | Entered Level 5 of the Dungeon
  4162 | D:5      | Reached skill level 12 in Stealth
  4475 | D:5      | Reached XP level 8. HP: 58/58 MP: 8/8
  5388 | D:6      | Noticed Gorglomux's ghost (novice HuSk)
  5415 | D:6      | Killed Gorglomux's ghost
  5841 | D:6      | Reached XP level 9. HP: 63/63 MP: 9/9
  5880 | D:6      | Reached skill level 13 in Stealth
  6211 | D:6      | Learned a level 3 spell: Ozocubu's Armour
  6455 | D:7      | Found a sparkling altar of Nemelex Xobeh.
  6525 | D:7      | Found a bloodstained altar of Trog.
  7368 | D:7      | Found a staircase to the Ecumenical Temple.
  7377 | Temple   | Entered the Ecumenical Temple
  7391 | Temple   | Became a worshipper of Dithmenos the Shadowed
  7927 | D:8      | Reached skill level 1 in Invocations
  7927 | D:8      | Reached XP level 10. HP: 39/71 MP: 10/10
  7955 | D:8      | HP: 2/71 [something (5)]
  7956 | D:8      | Slain by a sky beast

Vault maps used:
D:1:      scummos_arrival_gate, nemelex_diamond_rough_becter
D:2:      lemuel_zombie_altar_yredelemnul, first_ration
D:3:      uniq_robin
D:5:      grunt_decor_mini_mirrors, grunt_decor_one_mirror
D:7:      trog_eyes_of_draining, nicolae_overflow_hidden_temple, temple_statues,
          minivault_27
D:8:      chequers_temple_overflow_statue_of_worship
Temple:   nicolae_temple_x_marks_the_god

Skill      XL: |  1  2  3  4  5  6  7  8  9 |
---------------+----------------------------+-----
Stealth        | 6 7 11 12 13 | 13.7
Short Blades   | 6 7 8 |  8.2
Fighting       | 6 7 |  7.2
Dodging        | 6 7 |  7.1
Invocations    | 1 |  1.0
Throwing       | |  2.0

Action                   |  1- 3 |  4- 6 |  7- 9 | 10-12 || total
-------------------------+-------+-------+-------+-------++-------
Melee: Dagger            |    78 |    99 |   269 |     9 ||   455
       Constrict         |    19 |    22 |    47 |       ||    88
       Tentacles         |    11 |    11 |    69 |     2 ||    93
 Fire: Blowgun           |       |       |     2 |       ||     2
  Use: Scroll            |     5 |     8 |     2 |       ||    15
       Potion            |       |     1 |     2 |     3 ||     6
 Stab: Sleeping          |     9 |    20 |    26 |       ||    55
       Invisible         |       |       |     2 |       ||     2
       Fleeing           |       |       |     1 |       ||     1
  Eat: Chunk             |     2 |     6 |    12 |       ||    20
       Ration            |       |       |     1 |       ||     1
Armor: Skin              |     5 |     5 |    10 |       ||    20
Dodge: Dodged            |    52 |    35 |   155 |     1 ||   243

Table legend:
 A = Spawn XP
 B = Non-spawn XP
 C = Spawn XP percentage of total XP
 D = Spawn monster count
 E = Non-spawn monster count
 F = Spawn count percentage of total count
 G = Total turns spent on level
                    A         B        C        D         E        F      G
               +---------+---------+-------+---------+---------+-------+---------
         Total |       0 |    4547 |   0.0 |       0 |     170 |   0.0 |  7956
               +---------+---------+-------+---------+---------+-------+---------
           D:1 |       0 |      49 |   0.0 |       0 |      26 |   0.0 |  1219
           D:2 |       0 |      67 |   0.0 |       0 |      24 |   0.0 |   843
           D:3 |       0 |     143 |   0.0 |       0 |      31 |   0.0 |  1038
           D:4 |       0 |     456 |   0.0 |       0 |      10 |   0.0 |   953
           D:5 |       0 |     730 |   0.0 |       0 |      20 |   0.0 |  1327
           D:6 |       0 |    1022 |   0.0 |       0 |      23 |   0.0 |   993
           D:7 |       0 |    1390 |   0.0 |       0 |      27 |   0.0 |  1284
           D:8 |       0 |     690 |   0.0 |       0 |       9 |   0.0 |   278
               +---------+---------+-------+---------+---------+-------+---------
